 Dungeon Crawl Stone Soup version 0.26.0-10-g1f06aea511 (webtiles) character file.

Game seed: 92080318083616076

1426 Borgoz the Ducker (level 8, -2/68 HPs)
             Began as a Ghoul Gladiator on Feb 1, 2021.
             Slain by an orc warrior
             ... wielding a cursed +0 battleaxe
              (18 damage)
             ... on level 6 of the Dungeon.
             The game lasted 00:07:14 (5088 turns).

Borgoz the Ducker (Ghoul Gladiator)                 Turns: 5088, Time: 00:07:14

Health: -2/68      AC: 11    Str: 16 (18) XL:     8   Next: 72%
Magic:  7/7        EV: 13    Int:  0 (3)  God:
Gold:   279        SH:  5    Dex: 10 (12) Spells: 7/7 levels left

rFire    + . .     SeeInvis .   a - +0 long sword
rCold    + + +     Faith    .   (no shield)
rNeg     + + +     Spirit   .   l - +0 ring mail
rPois    ∞         Reflect  +   c - +0 helmet
rElec    +         Harm     .   (no cloak)
rCorr    +         Rampage  .   A - +1 pair of gloves
Will     .....                  s - +1 pair of boots
Stlth    ..........             u - amulet of reflection
HPRegen  0.00/turn              y - ring of protection from cold
MPRegen  0.10/turn              (no ring)

@: resistant, flying (expiring), very slightly contaminated, slowed, lost
intelligence, invisible, very slow
A: claws 1, cold resistance 1, negative energy resistance 3, inhibited
regeneration, torment resistance, unbreathing
a: no special abilities


You were on level 6 of the Dungeon.
You visited 1 branch of the dungeon, and saw 6 of its levels.

You collected 279 gold pieces.

Inventory:

Hand Weapons
 a - a +0 long sword (weapon)
 b - a +0 great sword
 k - a +2 great sword
 q - a +0 short sword
Armour
 c - a +0 helmet (worn)
 l - a +0 ring mail (worn)
 s - a +1 pair of boots (worn)
 A - a +1 pair of gloves (worn)
Jewellery
 u - an amulet of reflection (around neck)
 y - a ring of protection from cold (left hand)
Scrolls
 e - 3 scrolls of teleportation
 f - 3 scrolls of fear
 h - 2 scrolls of blinking
 j - 3 scrolls of remove curse
 m - 4 scrolls of enchant armour
 o - a scroll of enchant weapon {unknown}
 z - a scroll of vulnerability {unknown}
Potions
 n - a potion of resistance
 p - a potion of degeneration


   Skills:
 + Level 5.1 Fighting
 * Level 6.1 Long Blades
 - Level 1.7 Throwing
 + Level 3.6 Armour
 * Level 6.2 Dodging


You had 7 spell levels left.
You didn't know any spells.
Your spell library was empty.

Dungeon Overview and Level Annotations

Branches:
Dungeon (6/15)
 Temple: D:4-7

Altars:
Cheibriados
Gozag
Qazlal
The Shining One

Shops:
D:5 [   D:6 !

Annotations:
D:3 3 runed translucent doors, kthxbai's ghost, amateur DgIE


Innate Abilities, Weirdness & Mutations

You thrive by killing the living.
You are immune to poison.
You have sharp fingernails.
Your flesh is cold resistant. (rC+)
You are immune to negative energy. (rN+++)
You do not regenerate when monsters are visible.
You are immune to unholy pain and torment.
You can survive without breathing.


Message History

* * * LOW HITPOINT WARNING * * *
You barely miss the orc warrior.
The orc warrior is moderately wounded.
The orc warrior hits you with a cursed +0 battleaxe.
* * * LOW HITPOINT WARNING * * *
You completely miss the orc warrior.
The orc warrior is moderately wounded.
The orc warrior barely misses you.
You riposte.
You hit the orc warrior.
The orc warrior is heavily wounded.
You block the orc warrior's attack.
You aren't carrying any items that you can evoke.
It was a potion of invisibility.
You fade into invisibility!
The orc warrior barely misses you.
You are very lightly contaminated with residual magic.
You almost manage to decipher the scroll, but fail in this attempt.
You are starting to lose your buoyancy.
The orc warrior closely misses you.
The orc warrior hits you with a cursed +0 battleaxe!!
You die...

#.##.#
###)#####...o..>..
##.##.#
#..[.....o..o.o..#
......#
#.#.#####.#####...
##.#### #.#.# #.#
#≈≈≈## #.#.# #o#
≈≈≈≈≈## #.#.# ##.##
≈≈∩...###.#.####.#.##
≈≈≈≈≈.....#.....###(#
#≈≈≈############@#.##
##### ##o## ###


You could see an orc warrior.

Vanquished Creatures
  Menkaure (D:4)
  A black bear (D:4)
  2 ogres
  2 centaurs (D:5)
  Blork the orc (D:4)
  A bullfrog (D:6)
  2 scorpions (D:5)
  5 wights (D:6)
  A howler monkey (D:4)
  A bullfrog zombie (D:5)
  An orc priest (D:5)
  An orc wizard (D:3)
  2 worker ants
  A howler monkey skeleton (D:5)
  12 adders
  A white imp (D:5)
  5 worms
  A dart slug (D:1)
  6 leopard geckos
  12 orcs
  4 giant cockroaches
  9 goblins
  16 hobgoblins
  14 jackals
  8 kobolds
  6 quokkas
  7 bats
  4 frilled lizards
  A jackal skeleton (D:6)
  A quokka skeleton (D:4)
  A quokka zombie (D:5)
  8 rats
138 creatures vanquished.

Notes
Turn   | Place    | Note
-------+----------+-------------------------------------------
     0 | D:1      | Borgoz the Ghoul Gladiator began the quest for the Orb.
     0 | D:1      | Reached XP level 1. HP: 17/17 MP: 0/0
   213 | D:1      | Reached XP level 2. HP: 19/25 MP: 1/1
   680 | D:1      | Reached XP level 3. HP: 25/30 MP: 2/2
  1266 | D:2      | Reached skill level 1 in Armour
  1408 | D:2      | Reached XP level 4. HP: 22/37 MP: 3/3
  1745 | D:2      | Reached XP level 5. HP: 35/45 MP: 4/4
  2402 | D:3      | Found a runed translucent gate.
  2404 | D:3      | Found a runed translucent gate.
  2404 | D:3      | Found an opulent altar of Gozag.
  2405 | D:3      | Found a runed translucent gate.
  2515 | D:3      | Noticed kthxbai's ghost (amateur DgIE)
  2849 | D:4      | Noticed a black bear
  2859 | D:4      | Killed a black bear
  2860 | D:4      | Reached XP level 6. HP: 44/51 MP: 5/5
  2990 | D:4      | Found a glowing golden altar of the Shining One.
  3025 | D:4      | Noticed Blork the orc
  3031 | D:4      | Killed Blork the orc
  3032 | D:4      | Found a snail-covered altar of Cheibriados.
  3233 | D:4      | Noticed Menkaure
  3245 | D:4      | Killed Menkaure
  3246 | D:4      | Reached XP level 7. HP: 31/58 MP: 6/6
  3384 | D:4      | You fall into a shaft and drop 1 floor!
  3384 | D:5      | Entered Level 5 of the Dungeon
  3393 | D:5      | Reached skill level 5 in Dodging
  3413 | D:5      | Found Cauxyavvoxt's Antique Armour Emporium.
  3704 | D:4      | Reached skill level 5 in Long Blades
  4164 | D:5      | Reached XP level 8. HP: 51/67 MP: 7/7
  4194 | D:5      | Found a stormy altar of Qazlal.
  4738 | D:6      | Found Jikkeit's Distillery.
  4773 | D:6      | Reached skill level 5 in Fighting
  5070 | D:6      | HP: 3/68 [orc warrior/cursed +0 battleaxe (20)]
  5074 | D:6      | Lost intelligence.
  5088 | D:6      | Slain by an orc warrior

Illustrated notes

Levels and vault maps discovered:
D:1:      dpeg_arrival_morbid_curiosity, layout_rooms
D:2:      minmay_alternating_diamond, layout_loops_ring, minivault_11,
          grunt_decor_mini_mirrors, minivault_4, grunt_ministairs_11,
          minmay_cut_off
D:3:      layout_basic, ebering_ghost_gozag, minmay_door_square
D:4:      layout_loops_corners, marbit_many_paths, cheibriados_altar_1,
          uniq_menkaure, uniq_blork_the_orc
D:5:      layout_rooms, serial_shops, kennysheep_mini, minmay_ruined_shrine
D:6:      layout_loops_ring, serial_shops, nicolae_shop_waterfront

Skill      XL: |  1  2  3  4  5  6  7  8 |
---------------+-------------------------+-----
Long Blades    | 3 4 5 6 |  6.1
Dodging        | 3 4 5 6 |  6.2
Armour         | 1 2 3 |  3.6
Fighting       | 3 4 5 |  5.1
Throwing       | |  1.7

Action                   |  1- 3 |  4- 6 |  7- 9 || total
-------------------------+-------+-------+-------++-------
Melee: Long sword        |   109 |   215 |   196 ||   520
Throw: Throwing net      |       |     1 |     2 ||     3
  Use: Scroll            |     3 |     2 |     5 ||    10
       Potion            |     1 |       |     8 ||     9
 Stab: Held in net/web   |       |       |     1 ||     1
Armor: Leather armour    |     8 |       |       ||     8
       Ring mail         |    39 |    74 |    66 ||   179
Dodge: Dodged            |   102 |   158 |   150 ||   410
Block: Other             |       |     9 |    49 ||    58
       Reflection        |       |       |     1 ||     1
       Rpst.: Long sword |    35 |    59 |    36 ||   130
